Map: NeoMT-Proberto LOTV (Multitask)

Players

Silver

  • Race: Protoss Protoss
  • League: Silver

Terran

  • Race: Terran Terran

VOD

Have the link to the VOD?

Description

Time

  • Played on: March 3, 2016, 1:51 a.m.
  • Length: 17:35
Show
View Real Time Build Order
Export as new Build Order

Silver Protoss 

Build Orders:  

Get SALT Encoding   

    0:12  Probe x12 (Chrono Boost)  
    0:27  Unknown x2  
  12  0:38  Probe (Chrono Boost)  
  13  0:53  Probe (Chrono Boost)  
  14  1:03  Pylon  
  14  1:07  Probe (Chrono Boost)  
  15  1:29  Probe (Chrono Boost)  
  16  1:42  Gateway  
  16  1:43  Probe (Chrono Boost)  
  16  1:48  Pylon  
  17  1:58  Probe (Chrono Boost)  
  18  2:13  Probe (Chrono Boost)  
  19  2:22  Gateway  
  19  2:28  Probe (Chrono Boost)  
  20  2:42  Probe (Chrono Boost)  
  20  2:47  Zealot  
  23  2:57  Probe (Chrono Boost)  
  24  3:01  Gateway  
  24  3:06  Gateway  
  24  3:12  Probe (Chrono Boost)  
  25  3:24  Unknown  
  25  3:25  Forge  
  25  3:35  Probe (Chrono Boost)  
  25  3:37  Zealot  
  25  3:38  Zealot  
  30  3:50  Probe (Chrono Boost)  
  31  4:21  Pylon  
  31  4:23  Pylon  
  31  4:46  Zealot x3, Probe (Chrono Boost)  
  31  4:48  Zealot  
  40  4:58  Photon Cannon  
  40  5:01  Probe (Chrono Boost)  
  40  5:06  Photon Cannon  
  41  5:11  Pylon  
  41  5:16  Probe (Chrono Boost)  
  42  5:24  Zealot  
  44  5:30  Zealot  
  44  5:36  Zealot  
  44  5:38  Pylon, Zealot  
  51  5:50  Probe (Chrono Boost)  
  51  6:04  Probe (Chrono Boost)  
  51  6:06  Zealot  
  54  6:11  Photon Cannon  
  54  6:19  Probe (Chrono Boost)  
  55  6:30  Zealot x2  
  55  6:31  Zealot  
  61  6:41  Probe (Chrono Boost)  
  62  6:55  Probe (Chrono Boost)  
  63  7:09  Nexus  
  63  7:15  Unknown  
  63  7:50  Pylon  
  63  7:52  Pylon  
  63  8:08  Zealot  
  63  8:15  Zealot x3  
  69  8:43  Pylon  
  69  8:46  Zealot  
  69  8:47  Probe (Chrono Boost)  
  72  8:53  Zealot x3  
  72  8:55  Probe (Chrono Boost)  
  79  9:02  Probe (Chrono Boost)  
  79  9:09  Probe (Chrono Boost)  
  81  9:17  Probe (Chrono Boost)  
  82  9:24  Zealot, Probe (Chrono Boost)  
  82  9:26  Assimilator  
  85  9:31  Pylon, Zealot x3  
  85  9:33  Pylon  
  91  9:44  Photon Cannon  
  91  9:49  Photon Cannon  
  91  9:58  Photon Cannon  
  91  10:02  Zealot  
  91  10:09  Zealot x2  
  97  10:15  Zealot  
  97  10:17  Pylon  
  97  10:18  Unknown  
  97  10:19  Pylon  
  99  10:21  Pylon  
  97  10:39  Zealot  
  97  10:46  Zealot x2  
  103  10:53  Zealot  
  103  10:54  Nexus  
  105  11:17  Zealot  
  107  11:26  Zealot x2  
  111  11:31  Zealot  
  99  11:55  Zealot  
  99  11:56  Gateway  
  99  11:58  Gateway  
  83  12:04  Zealot x2  
  83  12:09  Zealot  
  89  12:23  Gateway  
  89  12:28  Gateway  
  89  12:30  Gateway  
  89  12:33  Zealot  
  91  12:42  Zealot  
  93  13:01  Zealot x3  
  99  13:11  Zealot  
  101  13:20  Zealot  
  101  13:25  Cybernetics Core  
  101  13:27  Zealot  
  105  13:39  Zealot x2  
  109  13:43  Zealot  
  109  13:44  Zealot x3  
  117  13:50  Zealot  
  117  13:58  Zealot  
  121  14:06  Zealot  
  123  14:17  Zealot  
  125  14:20  Unknown  
  125  14:31  Zealot x2  
  125  14:32  Zealot x4  
  125  14:36  Zealot  
  138  14:44  Zealot  
  140  14:54  Zealot  
  142  15:09  Zealot x2  
  146  15:11  Twilight Council  
  146  15:13  Unknown  
  146  15:16  Robotics Facility  
  146  15:23  Zealot x2  
  146  15:24  Zealot x3  
  156  15:40  Pylon  
  156  15:43  Pylon x2  
  156  15:54  Zealot  
  156  15:55  Zealot  
  156  15:58  Photon Cannon  
  155  16:00  Photon Cannon  
  155  16:07  Unknown  
  153  16:19  Zealot x2  
  157  16:20  Zealot x2  
  157  16:21  Zealot  
  163  16:35  Charge (Chrono Boost)  
  163  16:50  Zealot x2  
  163  16:51  Zealot x2  
  171  17:15  Zealot  
  171  17:16  Zealot, Photon Cannon  
  175  17:20  Photon Cannon  
  175  17:36  Zealot  
  175  17:37  Zealot x2  
  181  18:00  Pylon  
  181  18:01  Pylon  
  181  18:03  Pylon  
  181  18:06  Pylon  
  181  18:25  Warp Prism, Zealot x3  
  181  18:26  Zealot x3  
  195  18:35  Zealot  
  195  18:36  Zealot  
  199  19:17  Zealot x7  
  199  19:18  Zealot x2  
  83  19:54  Zealot  
  83  19:55  Zealot x4  
  83  19:56  Zealot  
  83  19:57  Zealot x3  
  97  20:08  Unknown  
  93  20:32  Zealot  
  93  20:33  Zealot x4  
  101  21:02  Unknown  
  101  21:10  Zealot  
  101  21:11  Zealot x8  
  115  21:48  Zealot  
  115  21:49  Zealot x8  
  133  21:56  Unknown  
  133  22:26  Zealot  
  133  22:27  Zealot x8  
  151  23:04  Zealot  
  151  23:05  Zealot x8  
  169  23:42  Zealot  
  169  23:43  Zealot x8  
Show
View Real Time Build Order
Export as new Build Order

Terran Terran 

Build Orders: MMM Bio, Banshee Rush 

Get SALT Encoding   

  1  0:00  Personal Cloaking, Infernal Pre-Igniter, Stimpack, Concussive Shells, Combat Shields, Cloaking Field  
  169  0:20  Unknown  
  169  0:27  Unknown  
  126  2:13  SCV  
  126  2:15  Unknown  
  126  2:31  Ghost Academy  
  127  3:00  Marine x2  
  127  3:13  Fusion Core  
  127  4:20  Unknown  
  127  5:05  Terran Infantry Weapons Level 1  
  127  6:55  Unknown, Marauder x2  
  127  7:00  Marine x6  
  129  7:44  Terran Infantry Armor Level 1  
  121  8:05  Unknown  
  121  8:30  Unknown  
  119  9:48  Unknown x2  
  125  10:25  Thor, Terran Infantry Weapons Level 2  
  119  10:43  Medivac x2  
  66  10:50  Banshee  
  119  10:55  Marauder x2  
  122  11:00  Marine x8  
  120  12:41  Medivac  
  120  12:53  Hellion x4  
  120  13:00  Banshee  
  125  13:34  Terran Infantry Armor Level 2  
  125  13:53  Cloaking Field  
  89  14:40  Marine x2, Ghost x2  
  125  14:43  Banshee x3  
  131  15:04  Marine x2  
  142  16:45  Terran Infantry Weapons Level 3  
  136  18:37  Medivac x2  
  136  18:49  Marauder x4  
  136  18:54  Marine x8  
  132  19:15  Marine x2, Ghost x2  
  104  19:39  Marine x2  
  94  19:45  Unknown x2  
  65  20:20  Siege Tank x2  
  65  20:23  Medivac x2  
  65  20:24  Terran Infantry Armor Level 3  
  65  20:35  Marauder x2  
  65  20:40  Marine x4  
  54  24:20  Unknown x2  
Tags
 
Add a new tag
Caveats
  • Supply blocks, unpowered buildings, or Contaminate may cause inaccurate times.
  • Supply counts are checked every 10 seconds.